 Dungeon Crawl Stone Soup version 0.32-a0-441-gaf4921d101 (webtiles) character file.

Game seed: 16089346992294790136

35 greenbourne the Slasher (level 3, -3/28 HPs)
             Began as a Human Reaver on Feb 23, 2024.
             Slain by a ribbon worm (6 damage)
             ... on level 2 of the Dungeon.
             The game lasted 00:02:43 (1345 turns).

greenbourne the Slasher (Human Reaver)              Turns: 1345, Time: 00:02:44

Health: -3/28      AC:  4    Str: 12    XL:     3   Next: 33%
Magic:  6/6        EV: 11    Int: 13    God:
Gold:   121        SH:  0    Dex: 13    Spells: 5/6 levels left

rFire   . . .        a - +0 falchion
rCold   . . .        (no shield)
rNeg    . . .        b - +0 leather armour
rPois   .            (no helmet)
rElec   .            (no cloak)
rCorr   .            e - +0 pair of gloves
SInv    .            (no boots)
Will    .....        (no amulet)
Stlth   +            (no ring)
HPRegen 0.24/turn    (no ring)
MPRegen 0.10/turn

%: no passive effects
@: no status effects
A: explore regen
a: no special abilities


You were on level 2 of the Dungeon.
You visited 1 branch of the dungeon, and saw 2 of its levels.

You collected 121 gold pieces.

Inventory:

Hand Weapons
 a - a +0 falchion (weapon)
Missiles
 c - 6 boomerangs
Armour
 b - a +0 leather armour (worn)
 e - a +0 pair of gloves (worn)
Scrolls
 d - a scroll of fear {unknown}
 f - a scroll of immolation {unknown}
 g - a scroll of amnesia {unknown}
 h - a scroll of vulnerability {unknown}
 i - a scroll of teleportation {unknown}
 j - a scroll of enchant armour {unknown}
 k - a scroll of noise {unknown}


   Skills:
 + Level 2.7 Fighting
 + Level 3.4 Long Blades
 + Level 1.3 Armour
 - Level 2.0 Dodging
 - Level 2.0 Spellcasting
 - Level 3.0 Conjurations


You had 5 spell levels left.
You knew the following spells:

 Your Spells              Type           Power      Damage    Failure   Level
a - Kiss of Death         Conj/Necr      20%        2d7       17%         1

Your spell library contained the following spells:

 Spells                   Type           Power      Damage    Failure   Level
 Momentum Strike          Conj/Tloc      10%        3d8       26%         2
 Hailstorm                Conj/Ice       5%         3d5       45%         3
 Stone Arrow              Conj/Erth      10%        3d7       45%         3
 Animate Armour           Summ/Erth      2%         N/A       97%         4
 Lehudib's Crystal Spear  Conj/Erth      2%         10d2      100%        8


Dungeon Overview and Level Annotations

Branches:
Dungeon (2/15) Zot: 10640

Altars:


Innate Abilities, Weirdness & Mutations

You regain HP and MP as you explore.


Message History

There is a web here.
You are caught in a web!
You are caught in a web!
You are caught in a web!
The web tears apart.
You slash the ribbon worm!
The ribbon worm is heavily wounded.
The ribbon worm bites you.
You hit the ribbon worm.
The ribbon worm is heavily wounded.
The ribbon worm bites you!
You hit the ribbon worm.
The ribbon worm is severely wounded.
You hit the ribbon worm.
The ribbon worm is severely wounded.
The ribbon worm bites you.
You hit the ribbon worm.
The ribbon worm is severely wounded.
The ribbon worm bites you.
You hit the ribbon worm.
The ribbon worm is almost dead.
The ribbon worm expels a string of sticky webbing.
The stream of webbing misses you.
You barely miss the ribbon worm.
The ribbon worm is almost dead.
The ribbon worm bites you.
You barely miss the ribbon worm.
The ribbon worm is severely wounded.
The ribbon worm bites you.
You hit the ribbon worm.
The ribbon worm is severely wounded.
The ribbon worm bites you!
* * * LOW HITPOINT WARNING * * *
You hit the ribbon worm.
The ribbon worm is almost dead.
The ribbon worm misses you.
You barely miss the ribbon worm.
The ribbon worm is almost dead.
The ribbon worm bites you.
You die...

#.######.# ### #.# #†# #.# #.#
#.# #.# #.# #.# #.# ##.##
#####.######.## ### ##...##
#.............# ##.####.###.#
#.###..######.# #.#.....# #.#
#.# #..# #.#####.####.###.# #.#
#..######..w@...........##
#.###................#####.##
..)###.######..####..#####.#####
#.#.##.# #..# #......†.....#
.....#.# #..# ##.#####.###.#
..##...######..# #.# ###.###.##
####.#.........# #.. ..........
###..#########.# #######.###.##
.#.#.# .. ........#


You could see a ribbon worm.

Vanquished Creatures
  An adder (D:2)
  A dart slug (D:2)
  3 ball pythons
  2 bats (D:1)
  5 endoplasms
  A giant cockroach (D:1)
  A kobold (D:1)
  A quokka (D:2)
  A frilled lizard (D:1)
  A goblin (D:2)
  5 rats (D:1)
22 creatures vanquished.

Notes
Turn   | Place    | Note
-------+----------+-------------------------------------------
     0 | D:1      | greenbourne the Human Reaver began the quest for the Orb.
     0 | D:1      | Reached XP level 1. HP: 16/16 MP: 3/3
   231 | D:1      | Reached XP level 2. HP: 21/22 MP: 5/5
   927 | D:2      | Reached skill level 1 in Armour
  1118 | D:2      | Reached XP level 3. HP: 25/28 MP: 6/6
  1345 | D:2      | Slain by a ribbon worm

Illustrated notes

Levels and vault maps discovered:
D:1:      zelgadis_glass_arrival_small, layout_basic
D:2:      layout_loops_ring

Skill      XL: |  1  2 |
---------------+-------+-----
Armour         | 1 |  1.3
Fighting       | |  2.7
Long Blades    | |  3.4
Dodging        | |  2.0
Spellcasting   | |  2.0
Conjurations   | |  3.0

Action                     || total
---------------------------++-------
  Melee: Falchion          ||    97
 Armour: Leather armour    ||    56
  Dodge: Dodged            ||    50

Table legend: (Time is in decaauts)
 A = Elapsed time spent in this place.
 B = Non-inter-level travel time spent in this place.
 C = Inter-level travel time spent in this place.
 D = Time resting spent in this place.
 E = Time spent auto-exploring this place.
 F = Levels seen in this place.
 G = Mean time per level.
                   A        B        C        D        E       F      G
               +--------+--------+--------+--------+--------+-----+--------+
         Total |   1358 |   1329 |     29 |      0 |   1059 |   2 |  679.0 |
       Dungeon |   1358 |   1329 |     29 |      0 |   1059 |   2 |  679.0 |
               +--------+--------+--------+--------+--------+-----+--------+

Top non-repeatable levels by time:
     D:1: 843 daAuts
     D:2: 514 daAuts
